 Dungeon Crawl Stone Soup version 0.26.1-11-gd32895ea62 (webtiles) character file.

Game seed: 15180880879431658223

6521 MisterFreud the Grappler (level 10, -14/144 HPs)
             Began as a Troll Monk on May 16, 2021.
             Demolished by Psyche
             ... wielding a +4 dagger of distortion
              (23 damage)
             ... on level 9 of the Dungeon.
             The game lasted 00:12:49 (7538 turns).

MisterFreud the Grappler (Troll Monk)               Turns: 7538, Time: 00:12:51

Health: -14/144    AC: 25    Str: 21    XL:     10   Next: 69%
Magic:  9/9        EV:  1    Int:  6    God:
Gold:   668        SH:  0    Dex: 15    Spells: 9/9 levels left

rFire    . . .     SeeInvis .     - Unarmed
rCold    . . .     Faith    .   (no shield)
rNeg     + + +     Spirit   .   (armour currently unavailable)
rPois    +         Reflect  .   (helmet currently unavailable)
rElec    .         Harm     .   (cloak currently unavailable)
rCorr    .         Rampage  .   (gloves unavailable)
Will     .....     NoTele   +   (boots unavailable)
Stlth    +++.......             f - amulet of the acrobat
HPRegen  0.74/turn              G - ring of teleportation (curse)
MPRegen  0.11/turn              E - ring of stealth

@: tree-form
A: large, unfitting armour, regeneration 1
a: no special abilities


You were on level 9 of the Dungeon.
You were a tree.
You visited 2 branches of the dungeon, and saw 10 of its levels.

You collected 668 gold pieces.

Inventory:

Missiles
 r - a boomerang (quivered)
 F - 8 javelins
Armour
 a - a +0 robe (melded)
 C - a cursed +0 cloak (melded)
Jewellery
 f - an amulet of the acrobat (around neck)
 w - an uncursed ring of fire
 E - a ring of stealth (right branch)
 G - a cursed ring of teleportation (left branch)
Wands
 h - a wand of polymorph (7)
 q - a wand of enslavement (7)
 u - a wand of digging (8)
 y - a wand of paralysis (9)
 z - a wand of random effects (12)
Scrolls
 b - a scroll of amnesia {unknown}
 e - a scroll of blinking {unknown}
 g - 5 scrolls of remove curse
 j - 5 scrolls of teleportation
 o - 3 scrolls of magic mapping
 p - 2 scrolls of fear {unknown}
 t - a scroll of immolation {unknown}
 x - 2 scrolls of holy word {unknown}
 H - a scroll of noise {unknown}
Potions
 c - 2 potions of lignification
 d - 2 potions of brilliance
 i - 6 potions of curing
 k - 2 potions of attraction
 l - a potion of flight {unknown}
 m - a potion of ambrosia {unknown}
 n - 2 potions of mutation
 s - a potion of might
 v - 2 potions of haste {unknown}
 A - 2 potions of heal wounds
 B - a potion of berserk rage
 D - a potion of resistance {unknown}


   Skills:
 - Level 5.0 Fighting
 - Level 8.0 Throwing
 - Level 5.0 Dodging
 - Level 1.0 Stealth
 + Level 11.9 Unarmed Combat


You had 9 spell levels left.
You didn't know any spells.
Your spell library contained the following spells:

 Spells                   Type           Power        Failure   Level
 Animate Skeleton         Necr           0%           45%         1
 Apportation              Tloc           0%           45%         1
 Beastly Appendage        Tmut           0%           45%         1
 Corona                   Hex            0%           45%         1
 Magic Dart               Conj           0%           45%         1
 Summon Small Mammal      Summ           0%           45%         1
 Blink                    Tloc           N/A          58%         2
 Call Imp                 Summ           0%           58%         2
 Slow                     Hex            0%           58%         2
 Wereblood                Tmut           0%           58%         2
 Conjure Flame            Conj/Fire      0%           83%         3
 Inner Flame              Hex/Fire       0%           83%         3
 Mephitic Cloud           Conj/Pois/Air  0%           83%         3
 Portal Projectile        Hex/Tloc       0%           83%         3
 Spider Form              Tmut/Pois      0%           83%         3
 Cause Fear               Hex            0%           99%         4
 Ice Form                 Ice/Tmut       0%           99%         4
 Leda's Liquefaction      Hex/Erth       0%           99%         4
 Blade Hands              Tmut           0%           100%        5


Dungeon Overview and Level Annotations

Branches:
Dungeon (9/15)             Temple (1/1) D:5
   Lair: D:8-11         Orc: D:9-12

Altars:
Ashenzari
Cheibriados
Dithmenos
Elyvilon
Fedhas
Gozag
Hepliaklqana
Makhleb
Nemelex Xobeh
Okawaru
Qazlal
Ru
Sif Muna
Trog
Uskayaw
Wu Jian
Xom
Yredelemnul
Zin
The Shining One

Annotations:
D:9 Psyche


Innate Abilities, Weirdness & Mutations

You are too large for most types of armour.
((You have claws for hands.))
Your natural rate of healing is unusually fast.
((You are covered in fur. (AC +1)))
((You have extremely tough skin. (AC +3)))


Message History

You closely miss the bullfrog. Something hits you but does no damage.
Space warps horribly around you.
* * * LOW HITPOINT WARNING * * *
The bullfrog hits you but does no damage.
The orc hits you but does no damage.
You hear some strange, mumbled words.
A puff of frost appears from out of thin air!
The puff of frost hits you.
* * * LOW HITPOINT WARNING * * *
The bullfrog hits you but does no damage.
The orc hits you but does no damage. x2; Something hits you but does no damage.
Unknown command.
You barely miss the bullfrog.
You feel yourself speed up. Something hits you but does no damage.
Space bends around you.
* * * LOW HITPOINT WARNING * * *
The orc hits you but does no damage.
The bullfrog hits you but does no damage.
Something hits you but does no damage. Space warps horribly around you!!
You die...

### ##.## #...#
##..# #..o## ##
##F{o# #.#..##o♣o#
.......)))#
.........####
#...........# #
#.##........####.##
. #..##...#..#....##
##..#...#o.o.....#
o.o#o...####oo......
.8..o.[..oo.........


You could see a bullfrog and 4 orcs.

Vanquished Creatures
  2 two-headed ogres
  Maurice (D:8)
  Joseph (D:8)
  A hornet (D:7)
  A troll (D:9)
  4 orc warriors
  4 ogres
  An ice beast (D:5)
  A necrophage (D:8)
  A sky beast (D:5)
  A centaur (D:5)
  2 phantoms
  2 big kobolds (D:8)
  4 bullfrogs
  A wyvern skeleton (D:6)
  2 scorpions
  3 killer bees
  A water moccasin skeleton (D:7)
  4 wights (D:8)
  10 howler monkeys
  A bullfrog zombie (D:5)
  4 hounds
  2 jellies
  3 orc priests
  A centaur skeleton (D:4)
  5 bullfrog skeletons
  13 orc wizards
  Natasha (thrice) (D:3)
  3 iguanas
  12 worker ants
  A hound zombie (D:6)
  A howler monkey zombie (D:7)
  A howler monkey skeleton (D:4)
  A worker ant zombie (D:7)
  3 gnolls (D:6)
  9 adders
  2 shadow imps
  2 white imps
  3 ufetubi
  An ooze (D:3)
  An adder zombie (D:5)
  5 worms
  A dart slug (D:1)
  10 leopard geckos
  53 orcs
  6 bats
  8 giant cockroaches
  9 goblins
  6 hobgoblins
  11 jackals
  20 kobolds
  2 quokkas
  2 ball pythons
  2 frilled lizards
  A quokka zombie (D:5)
  8 rats
263 creatures vanquished.

Notes
Turn   | Place    | Note
-------+----------+-------------------------------------------
     0 | D:1      | MisterFreud the Troll Monk began the quest for the Orb.
     0 | D:1      | Reached XP level 1. HP: 22/22 MP: 0/0
   212 | D:1      | Reached XP level 2. HP: 19/29 MP: 1/1
   331 | D:1      | Reached skill level 4 in Unarmed Combat
   625 | D:1      | Reached XP level 3. HP: 36/36 MP: 2/2
  1049 | D:2      | Found a basalt altar of Yredelemnul.
  1774 | D:3      | Reached XP level 4. HP: 43/44 MP: 3/3
  1832 | D:3      | Reached skill level 5 in Unarmed Combat
  1897 | D:3      | Noticed Natasha
  1902 | D:3      | Killed Natasha
  1953 | D:3      | Found a sparkling altar of Nemelex Xobeh.
  2007 | D:3      | Noticed Natasha
  2019 | D:3      | Killed Natasha
  2020 | D:3      | Reached XP level 5. HP: 41/50 MP: 4/4
  2136 | D:3      | Noticed Natasha
  2140 | D:3      | Killed Natasha
  2141 | D:3      | Reached skill level 6 in Unarmed Combat
  2617 | D:4      | Found a shimmering blue altar of Sif Muna.
  2619 | D:4      | Noticed a phantom
  2643 | D:4      | Killed a phantom
  2644 | D:4      | Reached skill level 1 in Throwing
  2644 | D:4      | Reached XP level 6. HP: 45/59 MP: 5/5
  2825 | D:4      | Reached skill level 7 in Unarmed Combat
  3121 | D:4      | Reached XP level 7. HP: 62/66 MP: 6/6
  3165 | D:5      | Entered Level 5 of the Dungeon
  3290 | D:5      | Found a staircase to the Ecumenical Temple.
  3323 | Temple   | Entered the Ecumenical Temple
  3589 | D:5      | Reached skill level 8 in Unarmed Combat
  3749 | D:5      | Reached XP level 8. HP: 75/75 MP: 7/7
  4310 | D:6      | Reached skill level 5 in Fighting
  4376 | D:6      | Reached skill level 5 in Dodging
  4409 | D:6      | Found a burning altar of Makhleb.
  4761 | D:6      | Reached XP level 9. HP: 53/88 MP: 8/8
  5085 | D:7      | Found a glowing silver altar of Zin.
  5093 | D:7      | Reached skill level 5 in Throwing
  5366 | D:7      | Found a snail-covered altar of Cheibriados.
  5367 | D:7      | Found a broken altar of Ashenzari.
  5392 | D:7      | Noticed a two-headed ogre
  5418 | D:6      | Reached skill level 9 in Unarmed Combat
  5704 | D:7      | Found a shimmering altar of Xom.
  5862 | D:8      | Noticed Maurice
  5964 | D:8      | Killed Maurice
  6055 | D:8      | Reached skill level 10 in Unarmed Combat
  6114 | D:8      | Noticed Joseph
  6151 | D:8      | Killed Joseph
  6152 | D:8      | Reached XP level 10. HP: 35/96 MP: 9/9
  6701 | D:8      | Noticed a two-headed ogre
  6713 | D:8      | Killed a two-headed ogre
  7348 | D:9      | Reached skill level 11 in Unarmed Combat
  7485 | D:9      | Noticed Psyche
  7489 | D:9      | Noticed a two-headed ogre
  7519 | D:9      | Killed a two-headed ogre
  7538 | D:9      | Demolished by Psyche

Illustrated notes

Levels and vault maps discovered:
D:1:      grunt_arrival_crossed_arrows, layout_basic, serial_rivers,
          chequers_serial_rivers_large_b, chequers_serial_rivers_small_b,
          chequers_serial_rivers_marsh, chequers_serial_rivers_room_b,
          chequers_serial_rivers_small_b, palyth_stone_intersect, minivault_26,
          minivault_23
D:2:      layout_loops_corners, lemuel_doored_altar
D:3:      layout_loops_ring, nemelex_xobeh_ov_fountains_minmay, serial_glass,
          glass_columns_a, glass_columns_b, uniq_natasha
D:4:      layout_gridville, lemuel_crystal_altar
D:5:      layout_rooms, minmay_temple_entry_tees, kennysheep_generic_room_5
D:6:      layout_loops_ring, lemuel_round_altar
D:7:      cheibrodos_barr_body, layout_loops_cross, kennysheep_mini,
          nicolae_overflow_hidden_temple, nicolae_sextant, kennysheep_boxes
D:8:      layout_basic, uniq_joseph, uniq_maurice
D:9:      layout_cave_pools, hiddenorc2_lemuel, uniq_psyche
Temple:   nicolae_temple_great_sept

Skill      XL: |  1  2  3  4  5  6  7  8  9 10 |
---------------+-------------------------------+-----
Unarmed Combat | 4 5 6 7 8 10 11 | 11.9
Throwing       | 1 2 4 7 8 |  8.0
Fighting       | 3 5 |  5.0
Dodging        | 3 5 |  5.0
Stealth        | |  1.0

Action                   |  1- 3 |  4- 6 |  7- 9 | 10-12 || total
-------------------------+-------+-------+-------+-------++-------
Melee: Unarmed           |    78 |   138 |   357 |   167 ||   740
       Punch             |     2 |     5 |    18 |     3 ||    28
Throw: Boomerang         |       |       |     3 |    13 ||    16
  Use: Scroll            |       |       |     9 |       ||     9
       Potion            |       |       |       |     2 ||     2
 Stab: Sleeping          |     6 |     1 |     3 |     3 ||    13
Armor: Robe              |    18 |    26 |    71 |    37 ||   152
       Skin              |       |       |       |   112 ||   112
Dodge: Dodged            |    42 |    72 |   220 |   115 ||   449
